 Dungeon Crawl Stone Soup version 0.32-a0-42-ga30500b4d3 (webtiles) character file.

Game seed: 1882602529071947794

87 CowFu the Poker (level 4, -1/39 HPs)
             Began as a Minotaur Monk on Feb 1, 2024.
             Slain by an orc
             ... wielding a +0 club
              (3 damage)
             ... on level 4 of the Dungeon.
             The game lasted 00:03:29 (2114 turns).

CowFu the Poker (Minotaur Monk)                     Turns: 2114, Time: 00:03:30

Health: -1/39      AC: 12    Str: 18    XL:     4   Next: 28%
Magic:  3/3        EV:  8    Int:  7    God:
Gold:   114        SH:  0    Dex: 12    Spells: 3/3 levels left

rFire   . . .        s - +0 trident
rCold   . . .        d - orb {light}
rNeg    . . .        p - +0 chain mail
rPois   .            (helmet restricted)
rElec   .            (no cloak)
rCorr   .            g - +0 pair of gloves
SInv    .            k - +2 pair of boots {rampage}
Will    .....        (no amulet) Stlth
                     (no ring)
HPRegen 0.26/turn    (no ring)
MPRegen 0.08/turn

%: rampage
@: glowing
A: horns 2, retaliatory headbutt
a: no special abilities


You were on level 4 of the Dungeon.
You visited 1 branch of the dungeon, and saw 4 of its levels.

You collected 114 gold pieces.

Inventory:

Hand Weapons
 a - a +0 spear
 s - a +0 trident (weapon)
Armour
 d - an orb of light (worn)
 g - a +0 pair of gloves (worn)
 k - a +2 pair of boots of rampaging (worn)
 p - a +0 chain mail (worn)
Jewellery
 m - a ring of ice
 t - a ring of protection from fire
Scrolls
 e - a scroll of poison {unknown}
 f - a scroll of vulnerability {unknown}
 h - a scroll of silence {unknown}
 i - 3 scrolls of blinking {unknown}
 j - a scroll of fear {unknown}
 l - a scroll of immolation {unknown}
 q - a scroll of identify {unknown}
 r - a scroll of enchant armour {unknown}
 v - a scroll of brand weapon {unknown}
Potions
 b - a potion of berserk rage {unknown}
 c - a potion of ambrosia
 n - a potion of lignification {unknown}
 o - 2 potions of curing {unknown}
 u - a potion of attraction {unknown}


   Skills:
 - Level 3.6 Fighting
 + Level 6.2 Polearms
 - Level 3.2 Dodging


You had 3 spell levels left.
You didn't know any spells.
Your spell library contained the following spells:

 Spells                   Type           Power      Damage    Failure   Level
 Gell's Gravitas          Tloc           0%         N/A       100%        3
 Teleport Other           Tloc           0%         N/A       100%        3
 Dispersal                Tloc           0%         N/A       100%        6


Dungeon Overview and Level Annotations

Branches:
Dungeon (4/15)
 Temple: D:4-7

Altars:
Wu Jian

Shops:
D:3 :


Innate Abilities, Weirdness & Mutations

You have a pair of horns on your head.
You reflexively headbutt those who attack you in melee.


Message History

The orc is heavily wounded.
There are monsters nearby!
You hit the orc.
The orc is heavily wounded.
There are monsters nearby!
You hit the orc.
The orc is severely wounded.
The orc priest mumbles some strange prayers to Beogh against you.
Beogh smites you!
An orc priest comes into view. It is wielding a +0 club.
You completely miss the orc wizard.
The orc priest calls down the wrath of Beogh upon you.
Beogh smites you!
You are too injured to fight recklessly!
The orc wizard attacks as it pursues you!
The orc wizard hits you but does no damage.
An orc comes into view. It is wielding a +0 club.
There is an open door here.
You are too injured to fight recklessly!
The orc wizard attacks as it pursues you!
The orc wizard hits you but does no damage.
The orc wizard points at you and mumbles some strange words.
You are confused.
The orc wizard casts a spell at you. You resist with some effort.
The orc wizard attacks as it pursues you!
The orc wizard hits you but does no damage.
You're too confused to move!
The orc wizard hits you but does no damage.
You feel less confused. The orc wizard closely misses you.
The orc completely misses you.
The orc wizard points at you and mumbles some strange words.
The magic dart hits you but does no damage.
The orc priest calls down the wrath of Beogh upon you.
Beogh smites you!
* * * LOW HITPOINT WARNING * * *
An orc wizard comes into view. It is wielding a +0 dagger.
The orc hits you with a +0 club.
You die... oo... #......# oo.. #......# oo#

#...####
###'####...############
#..o#o.....†....#.....+
+...'o.....#....'.....#
##..###o.o.###'########
#..# #...o###<###..####+#
#... #..ooo@.............
#....#...o...............
#....#...................
#....#...................
#.. +...................
####################


You could see 2 orc priests, 3 orc wizards and 4 orcs.

Vanquished Creatures
  3 adders
  3 dart slugs
  5 orcs (D:3)
  7 bats
  4 endoplasms
  2 giant cockroaches
  3 goblins
  6 hobgoblins
  3 jackals (D:2)
  2 quokkas
  3 ball pythons
  A frilled lizard (D:1)
  A kobold (D:3)
  A rat (D:1)
44 creatures vanquished.

Notes
Turn   | Place    | Note
-------+----------+-------------------------------------------
     0 | D:1      | CowFu the Minotaur Monk began the quest for the Orb.
     0 | D:1      | Reached XP level 1. HP: 19/19 MP: 0/0
    85 | D:1      | Reached skill level 4 in Polearms
   328 | D:1      | Reached XP level 2. HP: 26/26 MP: 1/1
   898 | D:2      | Identified the +8 dagger of the Muttering Tiger {flame, rN+
                  | Str+2}
   941 | D:2      | Reached skill level 5 in Polearms
   942 | D:2      | Reached XP level 3. HP: 31/31 MP: 2/2
  1466 | D:3      | Found Vil Naec's Book Emporium.
  1662 | D:3      | Found an ornate altar of the Wu Jian Council.
  1728 | D:3      | Reached skill level 6 in Polearms
  1728 | D:3      | Reached XP level 4. HP: 36/39 MP: 3/3
  2114 | D:4      | Slain by an orc

Illustrated notes

Levels and vault maps discovered:
D:1:      amcnicky_arrival_double_pillar, layout_basic, minmay_misc_feat_five,
          st_stairs_8, nicolae_concentric_dashed_squares_mild
D:2:      layout_basic
D:3:      layout_basic, mainiacjoe_overflow_six_doors_small, serial_shops, shop,
          minmay_misc_feat_hallway, kennysheep_decorative_pillar, nicolae_titane
D:4:      layout_gridville, minmay_temple_entry_fiery

Skill      XL: |  1  2  3 |
---------------+----------+-----
Polearms       | 4 5 6 |  6.2
Fighting       | |  3.6
Dodging        | |  3.2

Action                     |  1- 3 |  4- 6 || total
---------------------------+-------+-------++-------
  Melee: Spear             |    88 |       ||    88
         Headbutt          |    17 |       ||    17
         Trident           |     6 |    15 ||    21
 Armour: Robe              |    15 |       ||    15
         Chain mail        |    26 |     8 ||    34
  Dodge: Dodged            |    28 |     6 ||    34

Table legend: (Time is in decaauts)
 A = Elapsed time spent in this place.
 B = Non-inter-level travel time spent in this place.
 C = Inter-level travel time spent in this place.
 D = Time resting spent in this place.
 E = Time spent auto-exploring this place.
 F = Levels seen in this place.
 G = Mean time per level.
                   A        B        C        D        E       F      G
               +--------+--------+--------+--------+--------+-----+--------+
         Total |   2102 |   1907 |    195 |      0 |   1596 |   4 |  525.5 |
       Dungeon |   2102 |   1907 |    195 |      0 |   1596 |   4 |  525.5 |
               +--------+--------+--------+--------+--------+-----+--------+

Top non-repeatable levels by time:
     D:1: 836 daAuts
     D:2: 606 daAuts
     D:3: 596 daAuts
     D:4: 62 daAuts
